 Dungeon Crawl Stone Soup version 0.15-a0-970-ga23ad50 (console) character file.

135 Kellhus the Chopper (level 4, 35/35 HPs)
             Began as a Mummy Fighter on May 23, 2014.
             Quit the game on Level 3 of the Dungeon.
             The game lasted 00:02:09 (1597 turns).

Kellhus the Chopper (Mummy Fighter)                 Turns: 1597, Time: 00:02:09

HP  35/35        AC  7     Str 20      XL: 4   Next: 96%
MP   4/4         EV  6     Int  7      God:
Gold 100         SH 17     Dex 11      Spells:  0 memorised,  3 levels left

rFire  x . .     SeeInvis .     a - +0 war axe
rCold  + . .     Clarity  .     b - +0 scale mail
rNeg   + + +     Conserve .     c - +0 shield
rPois  +         rCorr    .     (no helmet)
rElec  .         rRot     +     (no cloak)
SustAb .         Spirit   .     (no gloves)
rMut   .         Warding  .     e - +0 pair of boots
Gourm  .         Stasis   .     (no amulet)
MR     .....                    (no ring)
                                i - ring of teleport control

@: not resistant to hostile enchantments, extremely unstealthy
A: no food or potions, fire vulnerability, restore body, cold resistance 1, life
protection 3, poison resistance, torment resistance, unbreathing
a: Evoke Teleport Control


You were on level 3 of the Dungeon.
You were not hungry.

You visited 1 branch of the dungeon, and saw 3 of its levels.

You collected 100 gold pieces.

Inventory:

Hand weapons
 a - a +0,+0 war axe (weapon)
Armour
 b - a +0 scale mail (worn)
 c - a +0 shield (worn)
 e - a +0 pair of boots (worn)
Scrolls
 d - 2 scrolls of identify {unknown}
 g - a scroll of remove curse {unknown}
 h - 2 scrolls of amnesia {unknown}
 j - 3 scrolls of teleportation {unknown}
Jewellery
 i - a ring of teleport control (left hand)
Books
 f - a book of Geomancy

   Spells                             Type                      Level
   Sandblast                          Earth                        1
   Stoneskin                          Transmutation/Earth          2
   Passwall                           Transmutation/Earth          3
   Stone Arrow                        Conjuration/Earth            3
   Petrify                            Transmutation/Earth          4
   Lee's Rapid Deconstruction         Earth                        5


   Skills:
 - Level 3.0 Fighting
 + Level 4.3 Axes
 - Level 2.4 Armour
 - Level 2.4 Shields


You had 3 spell levels left.
You didn't know any spells.

Dungeon Overview and Level Annotations

Branches:
Dungeon (3/15)

Altars:
Okawaru


Innate Abilities, Weirdness & Mutations

You do not eat or drink.
Your flesh is vulnerable to fire.
Your flesh is cold resistant.
You are immune to negative energy.
Your system is resistant to poisons.
You are immune to unholy pain and torment.
You can survive without breathing.


Message History

No target in view!
You start resting.
You feel yourself speed up.
You start resting.
You start resting.
HP restored.
Things that are here:
an uncursed blowgun; a kobold corpse; a jackal corpse
Found 2 scrolls labeled ENKIUH AVISYAF.
You see here a kobold corpse.
Found 21 arrows.
Found a leather armour.
j - a scroll labeled ENKIUH AVISYAF
h - 2 scrolls labeled KHOHUMIKIKH (gained 1)
j - 3 scrolls labeled ENKIUH AVISYAF (gained 2)
Found an iron altar of Okawaru.
Assign waypoint to what number? (0-9)
Okay, then.
Unknown command.
Are you sure you want to abandon this character and quit the game? (Confirm with "yes".)

.....# #.............[#
...#.# #..............#
..##)####..............#
.## ...................#
.########..............#
...........%........(.##
......####().........##
#####......######...##
#####....# #@....#
##.#..........#
#.###........# ..#
##.......# #.. .......##
#.. .♣.♣.#...#
#............ . ♣
♣.♣.♣.. _ .


There were no monsters in sight!

Vanquished Creatures
  Natasha (D:3)
  An orc wizard (D:3)
  Jessica (D:3)
  2 adders (D:2)
  A worm (D:2)
  An orc skeleton (D:3)
  3 giant geckos
  2 orcs
  3 bats
  4 goblins
  5 hobgoblins
  7 kobolds
  2 giant newts (D:3)
  3 jackals (D:3)
  6 rats
42 creatures vanquished.

Notes
Turn   | Place    | Note
--------------------------------------------------------------
     0 | D:1      | Kellhus, the Mummy Fighter, began the quest for the Orb.
     0 | D:1      | Reached XP level 1. HP: 18/18 MP: 1/1
   388 | D:1      | Reached XP level 2. HP: 24/24 MP: 2/2
   692 | D:2      | Reached XP level 3. HP: 16/29 MP: 3/3
  1106 | D:3      | Reached XP level 4. HP: 25/35 MP: 4/4
  1345 | D:3      | Noticed Jessica
  1355 | D:3      | Killed Jessica
  1411 | D:3      | Noticed Natasha
  1414 | D:3      | Reached skill level 4 in Axes
  1418 | D:3      | Killed Natasha
  1596 | D:3      | Found an iron altar of Okawaru.
  1597 | D:3      | Quit the game

Action                   |  1- 3 |  4- 6 || total
-------------------------+-------+-------++-------
Melee: War axe           |    86 |    34 ||   120
